| TOP OF THE 1ST |
|
Greensboro Grasshoppers batting - Pitching for Fort Wayne TinCaps : RHP Mike Schoening
|
|
Pitching: RHP Mike Schoening
|
|
|
Batting: RHB Tom Thompson
|
0-0: Swinging Strike 0-1: Ball 1-1: Ball 2-1: Ball 3-1: Foul Ball, location: 2F 3-2: Strikes out swinging
|
|
Batting: LHB Angelo Estrella
|
0-0: Foul Ball, location: 2F 0-1: Called Strike 0-2: Ball 1-2: Ball 2-2: Foul Ball, location: 2F 2-2: Ground out 5-3 (Groundball, 5D, EV 101.9 MPH)
|
|
Batting: LHB Dong-u Chang
|
0-0: Called Strike 0-1: Swinging Strike 0-2: Ball 1-2: Ball 2-2: Strikes out swinging
|
| Top of the 1st over - 0 runs, 0 hits, 0 errors, 0 left on base; Greensboro 0 - Fort Wayne 0 |
| BOTTOM OF THE 1ST |
|
Fort Wayne TinCaps batting - Pitching for Greensboro Grasshoppers : RHP Andy Gibson
|
|
Pitching: RHP Andy Gibson
|
|
|
Batting: RHB Cesar Ortega
|
0-0: Ball 1-0: SOLO HOME RUN (Line Drive, 7LD, EV 93.8 MPH), Distance : 337 ft
|
|
Batting: RHB Paul Wood
|
0-0: Ball 1-0: Swinging Strike 1-1: Ball 2-1: Foul Ball, location: 2F 2-2: Ball 3-2: DOUBLE (Flyball, 89XD, EV 97.5 MPH)
|
|
Batting: RHB Jim Miske
|
0-0: Called Strike 0-1: Ball 1-1: Ball 2-1: Foul Ball, location: 2F 2-2: Ball 3-2: SINGLE (Groundball, 34D, EV 103.8 MPH) Paul Wood to third Runner from 3rd tries for Home, throw by RF and OUT! 9-2
|
|
Batting: RHB Gary Horgan
|
0-0: Called Strike 0-1: Ball 1-1: Fly out, F8 (Flyball, 8RS, EV 83.1 MPH)
|
|
Batting: RHB Bill Vives
|
0-0: Called Strike 0-1: SINGLE (Line Drive, 89S, EV 95.0 MPH) Jim Miske to second Runner from 2nd tries for 3rd, SAFE, throw by RF made to third
|
|
Batting: LHB Dean Luttman
|
0-0: Ball 1-0: Foul Ball, location: 2F 1-1: Ball 2-1: Swinging Strike 2-2: Ball 3-2: Foul Ball, location: 2F 3-2: Foul Ball, location: 2F 3-2: Base on Balls Bill Vives to second
|
|
Batting: RHB Steve Clark
|
0-0: Foul Ball, location: 2F 0-1: Called Strike 0-2: Ball 1-2: Ball 2-2: Ball 3-2: Strikes out swinging
|
| Bottom of the 1st over - 1 run, 4 hits, 0 errors, 3 left on base; Greensboro 0 - Fort Wayne 1 |
| TOP OF THE 2ND |
|
Greensboro Grasshoppers batting - Pitching for Fort Wayne TinCaps : RHP Mike Schoening
|
|
Batting: RHB Miguel Velasco
|
0-0: Called Strike 0-1: Ball 1-1: Ground out 4-3 (Groundball, 4S, EV 93.1 MPH)
|
|
Batting: LHB Justin Blakely
|
0-0: Ball 1-0: Fly out, F7 (Flyball, 7, EV 88.1 MPH)
|
|
Batting: RHB Nate Crofts
|
0-0: Ball 1-0: Ball 2-0: Called Strike 2-1: Hit by Pitch
|
|
Batting: RHB Alberto Bravo
|
0-0: Ball 1-0: Fly out, F8 (Flyball, 8LD, EV 92.5 MPH)
|
| Top of the 2nd over - 0 runs, 0 hits, 0 errors, 1 left on base; Greensboro 0 - Fort Wayne 1 |
| BOTTOM OF THE 2ND |
|
Fort Wayne TinCaps batting - Pitching for Greensboro Grasshoppers : RHP Andy Gibson
|
|
Batting: LHB Tony Contreras
|
0-0: Ground out 6-3 (Groundball, 6, EV 81.2 MPH)
|
|
Batting: RHB Sung-hwan Jung
|
0-0: SINGLE (Line Drive, 8LS, EV 104.4 MPH)
|
|
Batting: RHB Cesar Ortega
|
0-0: Ball 1-0: Foul Ball, location: 2F 1-1: Ball 2-1: Swinging Strike 2-2: Strikes out swinging
|
|
Batting: RHB Paul Wood
|
0-0: Ball 1-0: Called Strike 1-1: SINGLE (Groundball, 5S, EV 68.8 MPH) (infield hit) Sung-hwan Jung to second
|
|
Batting: RHB Jim Miske
|
0-0: Ball 1-0: TRIPLE (Flyball, 78XD, EV 112.5 MPH) Sung-hwan Jung scores Paul Wood scores
|
|
Batting: RHB Gary Horgan
|
0-0: Swinging Strike 0-1: Called Strike 0-2: Ball Wild Pitch! Jim Miske scores 1-2: Foul Ball, location: 2F 1-2: Ball 2-2: DOUBLE (Groundball, 5L, EV 105.6 MPH)
|
|
Batting: RHB Bill Vives
|
0-0: Ball 1-0: Ball 2-0: Ball 3-0: Base on Balls
|
|
Batting: LHB Dean Luttman
|
0-0: Ball 1-0: Ground out U3 (Groundball, 34, EV 103.1 MPH)
|
| Bottom of the 2nd over - 3 runs, 4 hits, 0 errors, 2 left on base; Greensboro 0 - Fort Wayne 4 |
| TOP OF THE 3RD |
|
Greensboro Grasshoppers batting - Pitching for Fort Wayne TinCaps : RHP Mike Schoening
|
|
Batting: RHB Hikaru Nakata
|
0-0: Ball 1-0: Ball 2-0: Foul Ball, location: 2F 2-1: Foul Ball, location: 2F 2-2: Foul Ball, location: 2F 2-2: Strikes out swinging
|
|
Pitching: RHP Jason Inman
|
|
|
Batting: RHB Dennis Coppolino
|
0-0: Ball 1-0: Foul Ball, location: 2F 1-1: Ball 2-1: Foul Ball, location: 2F 2-2: Ball 3-2: Foul Ball, location: 2F 3-2: Ground out 6-3 (Groundball, 6, EV 86.9 MPH)
|
|
Batting: RHB Tom Thompson
|
0-0: Reached via error on a dropped throw from 1B, E1 (Groundball, 34, EV 81.2 MPH)
|
|
Batting: LHB Angelo Estrella
|
0-0: Ball 1-0: Fielders Choice at 2nd, 6-4 (Groundball, 6, EV 84.4 MPH)
|
| Top of the 3rd over - 0 runs, 0 hits, 1 error, 1 left on base; Greensboro 0 - Fort Wayne 4 |
| BOTTOM OF THE 3RD |
|
Fort Wayne TinCaps batting - Pitching for Greensboro Grasshoppers : RHP Andy Gibson
|
|
Batting: RHB Steve Clark
|
0-0: Called Strike 0-1: Ball 1-1: Foul Ball, location: 2F 1-2: SINGLE (Groundball, 15S, EV 70.0 MPH) (infield hit)
|
|
Batting: LHB Tony Contreras
|
0-0: Ball 1-0: Fly out, F8 (Flyball, 89M, EV 97.5 MPH)
|
|
Batting: RHB Sung-hwan Jung
|
0-0: Called Strike 0-1: SINGLE (Groundball, 3D, EV 106.2 MPH) Steve Clark to second Runner from 2nd tries for 3rd, SAFE, throw by RF made to third
|
|
Batting: RHB Cesar Ortega
|
0-0: Ball 1-0: Ball 2-0: Ball 3-0: Called Strike 3-1: SINGLE (Flyball, 9LS, EV 96.9 MPH) Steve Clark scores Sung-hwan Jung to second Runner from 2nd tries for 3rd, SAFE, throw by RF made to third
|
|
Pitching: RHP Adam Brown
|
|
|
Batting: RHB Paul Wood
|
0-0: Foul Ball, location: 2F 0-1: SINGLE (Groundball, 6S, EV 65.0 MPH) (infield hit) Sung-hwan Jung scores Cesar Ortega to second
|
|
Batting: RHB Jim Miske
|
0-0: Swinging Strike 0-1: Called Strike 0-2: DOUBLE (Flyball, 89D, EV 90.6 MPH) Cesar Ortega scores Paul Wood to third
|
|
Batting: RHB Gary Horgan
|
0-0: Ball Wild Pitch! Paul Wood scores Jim Miske to third 1-0: Fly out, F9 (Flyball, 9, EV 93.1 MPH) Runner from 3rd tags up, SCORES, throw by RF
|
|
Batting: RHB Bill Vives
|
0-0: Ball 1-0: Foul Ball, location: 2F 1-1: Ball 2-1: Foul Ball, location: 2F 2-2: Ground out 5-3 (Groundball, 56, EV 81.9 MPH)
|
| Bottom of the 3rd over - 5 runs, 5 hits, 0 errors, 0 left on base; Greensboro 0 - Fort Wayne 9 |
| TOP OF THE 4TH |
|
Greensboro Grasshoppers batting - Pitching for Fort Wayne TinCaps : RHP Jason Inman
|
|
Batting: LHB Dong-u Chang
|
0-0: Foul Ball, location: 2F 0-1: Foul Ball, location: 2F 0-2: Strikes out swinging
|
|
Batting: RHB Miguel Velasco
|
0-0: Called Strike 0-1: Ball 1-1: Ball 2-1: Foul Ball, location: 2F 2-2: Ball 3-2: Strikes out looking
|
|
Batting: LHB Justin Blakely
|
0-0: Ball 1-0: Foul Ball, location: 2F 1-1: Swinging Strike 1-2: Strikes out swinging
|
| Top of the 4th over - 0 runs, 0 hits, 0 errors, 0 left on base; Greensboro 0 - Fort Wayne 9 |
| BOTTOM OF THE 4TH |
|
Fort Wayne TinCaps batting - Pitching for Greensboro Grasshoppers : RHP Adam Brown
|
|
Batting: LHB Dean Luttman
|
0-0: Ball 1-0: Swinging Strike 1-1: Ball 2-1: Swinging Strike 2-2: Ball 3-2: Foul Ball, location: 2F 3-2: Foul Ball, location: 2F 3-2: Foul Ball, location: 2F 3-2: Ground out 4-3 (Groundball, 4, EV 83.1 MPH)
|
|
Batting: RHB Steve Clark
|
0-0: Ball 1-0: Ball 2-0: Foul Ball, location: 2F 2-1: Ball 3-1: Ground out U3 (Groundball, 34, EV 83.1 MPH)
|
|
Batting: LHB Tony Contreras
|
0-0: Fly out, F9 (Flyball, 89M, EV 73.1 MPH)
|
| Bottom of the 4th over - 0 runs, 0 hits, 0 errors, 0 left on base; Greensboro 0 - Fort Wayne 9 |
| TOP OF THE 5TH |
|
Greensboro Grasshoppers batting - Pitching for Fort Wayne TinCaps : RHP Jason Inman
|
|
Batting: RHB Nate Crofts
|
0-0: Swinging Strike 0-1: Called Strike 0-2: Ball 1-2: Fly out, F8 (Flyball, 8LD, EV 105.0 MPH)
|
|
Batting: RHB Alberto Bravo
|
0-0: Ball 1-0: Ground out 4-3 (Groundball, 4D, EV 105.0 MPH)
|
|
Batting: RHB Hikaru Nakata
|
0-0: Ground out 6-3 (Groundball, 6, EV 85.0 MPH)
|
| Top of the 5th over - 0 runs, 0 hits, 0 errors, 0 left on base; Greensboro 0 - Fort Wayne 9 |
| BOTTOM OF THE 5TH |
|
Fort Wayne TinCaps batting - Pitching for Greensboro Grasshoppers : RHP Adam Brown
|
|
Batting: RHB Sung-hwan Jung
|
0-0: Ball 1-0: Swinging Strike 1-1: Called Strike 1-2: SINGLE (Line Drive, 8LS, EV 87.5 MPH)
|
|
Batting: RHB Cesar Ortega
|
0-0: Foul Ball, location: 2F 0-1: Ball 1-1: Called Strike 1-2: Foul Ball, location: 2F 1-2: Foul Ball, location: 2F 1-2: Grounds into double play, 5-4-3 (Groundball, 56S, EV 82.5 MPH)
|
|
Batting: RHB Paul Wood
|
0-0: Called Strike 0-1: Ball 1-1: Ball 2-1: Ball 3-1: SINGLE (Groundball, 6MD, EV 97.5 MPH)
|
|
Pitching: LHP Mike Wasson
|
|
|
Batting: RHB Jim Miske
|
0-0: Ball 1-0: SINGLE (Groundball, 56D, EV 96.2 MPH) Paul Wood to second Runner from 2nd tries for 3rd, SAFE, throw by LF made to third
|
|
Batting: RHB Gary Horgan
|
0-0: Ground out U3 (Groundball, 34, EV 93.1 MPH)
|
| Bottom of the 5th over - 0 runs, 3 hits, 0 errors, 2 left on base; Greensboro 0 - Fort Wayne 9 |
| TOP OF THE 6TH |
|
Greensboro Grasshoppers batting - Pitching for Fort Wayne TinCaps : RHP Jason Inman
|
|
Batting: RHB Dennis Coppolino
|
0-0: Called Strike 0-1: Called Strike 0-2: Foul Ball, location: 2F 0-2: Ball 1-2: Foul Ball, location: 2F 1-2: Ground out 5-3 (Groundball, 5, EV 102.5 MPH)
|
|
Batting: RHB Tom Thompson
|
0-0: Ball 1-0: Called Strike 1-1: Ground out 6-3 (Groundball, 6, EV 105.6 MPH)
|
|
Batting: LHB Angelo Estrella
|
0-0: Ball 1-0: Foul Ball, location: 2F 1-1: DOUBLE (Flyball, 78XD, EV 106.2 MPH)
|
|
Batting: LHB Dong-u Chang
|
0-0: Called Strike 0-1: Ball 1-1: Ball 2-1: Called Strike 2-2: Foul Ball, location: 2F 2-2: Ball 3-2: Strikes out swinging
|
| Top of the 6th over - 0 runs, 1 hit, 0 errors, 1 left on base; Greensboro 0 - Fort Wayne 9 |
| BOTTOM OF THE 6TH |
|
Fort Wayne TinCaps batting - Pitching for Greensboro Grasshoppers : LHP Mike Wasson
|
|
Batting: RHB Bill Vives
|
0-0: Ball 1-0: Called Strike 1-1: Called Strike 1-2: Ground out 6-3 (Groundball, 6, EV 90.0 MPH)
|
|
Batting: LHB Dean Luttman
|
0-0: Called Strike 0-1: Ball 1-1: Called Strike 1-2: Ball 2-2: Ball 3-2: Foul Ball, location: 2F 3-2: Foul Ball, location: 2F 3-2: Base on Balls
|
|
Batting: RHB Steve Clark
|
0-0: Ball 1-0: Called Strike 1-1: Foul Ball, location: 2F 1-2: Foul Ball, location: 2F 1-2: Foul Ball, location: 2F 1-2: Ball Wild Pitch! Dean Luttman to second 2-2: Foul Ball, location: 2F 2-2: Strikes out swinging
|
|
Batting: LHB Tony Contreras
|
0-0: Ground out 4-3 (Groundball, 4, EV 86.2 MPH)
|
| Bottom of the 6th over - 0 runs, 0 hits, 0 errors, 1 left on base; Greensboro 0 - Fort Wayne 9 |
| TOP OF THE 7TH |
|
Greensboro Grasshoppers batting - Pitching for Fort Wayne TinCaps : RHP Jason Inman
|
|
Batting: RHB Miguel Velasco
|
0-0: SINGLE (Groundball, 56D, EV 98.1 MPH)
|
|
Pitching: LHP Juan Ramirez
|
|
|
Batting: LHB Justin Blakely
|
0-0: Ball 1-0: Ball 2-0: Called Strike 2-1: Ball 3-1: Foul Ball, location: 2F 3-2: Strikes out swinging
|
|
Batting: RHB Nate Crofts
|
0-0: Ball 1-0: Called Strike 1-1: Called Strike 1-2: Foul Ball, location: 2F 1-2: Ball 2-2: Foul Ball, location: 2F 2-2: Ball 3-2: Strikes out swinging
|
|
Batting: RHB Alberto Bravo
|
0-0: Called Strike 0-1: Called Strike 0-2: Strikes out looking
|
| Top of the 7th over - 0 runs, 1 hit, 0 errors, 1 left on base; Greensboro 0 - Fort Wayne 9 |
| BOTTOM OF THE 7TH |
|
Fort Wayne TinCaps batting - Pitching for Greensboro Grasshoppers : LHP Mike Wasson
|
|
Batting: RHB Sung-hwan Jung
|
0-0: Ball 1-0: Ball 2-0: Ground out 5-3 (Groundball, 56S, EV 88.8 MPH)
|
|
Batting: RHB Cesar Ortega
|
0-0: Called Strike 0-1: Called Strike 0-2: Ball 1-2: Foul Ball, location: 2F 1-2: Ball 2-2: Ball 3-2: Strikes out swinging
|
|
Batting: RHB Paul Wood
|
0-0: Ball 1-0: Ball 2-0: Ball 3-0: Called Strike 3-1: Foul Ball, location: 2F 3-2: Base on Balls
|
|
Batting: RHB Jim Miske
|
0-0: Ball 1-0: Foul Ball, location: 2F 1-1: SINGLE (Flyball, 78S, EV 94.4 MPH) Paul Wood to second Runner from 2nd tries for 3rd, SAFE, throw by LF made to third
|
|
Batting: RHB Gary Horgan
|
0-0: Called Strike 0-1: Fly out, F7 (Flyball, 7, EV 90.0 MPH)
|
| Bottom of the 7th over - 0 runs, 1 hit, 0 errors, 2 left on base; Greensboro 0 - Fort Wayne 9 |
| TOP OF THE 8TH |
|
Greensboro Grasshoppers batting - Pitching for Fort Wayne TinCaps : LHP Juan Ramirez
|
|
Batting: RHB Hikaru Nakata
|
0-0: Ball 1-0: Swinging Strike 1-1: Foul Ball, location: 2F 1-2: Foul Ball, location: 2F 1-2: Ball 2-2: Strikes out swinging
|
|
Batting: RHB Dennis Coppolino
|
0-0: Ball 1-0: Swinging Strike 1-1: Ball 2-1: Foul Ball, location: 2F 2-2: Strikes out swinging
|
|
Pinch Hitting: LHB Ryan Thompson
|
0-0: Ball 1-0: Ball 2-0: SINGLE (Groundball, 4MD, EV 96.9 MPH)
|
|
Batting: LHB Angelo Estrella
|
0-0: Ball 1-0: Foul Ball, location: 2F 1-1: SINGLE (Groundball, P, EV 88.8 MPH) (infield hit) Ryan Thompson to second
|
|
Batting: LHB Dong-u Chang
|
0-0: Foul Ball, location: 2F 0-1: Called Strike 0-2: Strikes out swinging
|
| Top of the 8th over - 0 runs, 2 hits, 0 errors, 2 left on base; Greensboro 0 - Fort Wayne 9 |
| BOTTOM OF THE 8TH |
|
Fort Wayne TinCaps batting - Pitching for Greensboro Grasshoppers : LHP Mike Wasson
|
|
Pitching: RHP Tim Sherrill
|
|
|
Now in LF: Ryan Thompson
|
|
|
Batting: RHB Bill Vives
|
0-0: Ball 1-0: Foul Ball, location: 2F 1-1: Swinging Strike 1-2: Strikes out looking
|
|
Batting: LHB Dean Luttman
|
0-0: Called Strike 0-1: Called Strike 0-2: Ball 1-2: Strikes out looking
|
|
Batting: RHB Steve Clark
|
0-0: Called Strike 0-1: SINGLE (Groundball, 6MD, EV 95.6 MPH)
|
|
Batting: LHB Tony Contreras
|
0-0: Called Strike 0-1: Ball 1-1: Swinging Strike 1-2: Strikes out looking
|
| Bottom of the 8th over - 0 runs, 1 hit, 0 errors, 1 left on base; Greensboro 0 - Fort Wayne 9 |
| TOP OF THE 9TH |
|
Greensboro Grasshoppers batting - Pitching for Fort Wayne TinCaps : LHP Juan Ramirez
|
|
Batting: RHB Miguel Velasco
|
0-0: Called Strike 0-1: Ground out 4-3 (Groundball, 4MD, EV 86.9 MPH)
|
|
Pitching: LHP Manny Santiago
|
|
|
Batting: LHB Justin Blakely
|
0-0: Foul Ball, location: 2F 0-1: Foul Ball, location: 2F 0-2: Ball 1-2: Strikes out looking
|
|
Batting: RHB Nate Crofts
|
0-0: Called Strike 0-1: Ball 1-1: Ball 2-1: Called Strike 2-2: Ball 3-2: Base on Balls
|
|
Batting: RHB Alberto Bravo
|
0-0: Foul Ball, location: 2F 0-1: Ball 1-1: Fly out, F7 (Flyball, 78M, EV 95.6 MPH)
|
| Top of the 9th over - 0 runs, 0 hits, 0 errors, 1 left on base; Greensboro 0 - Fort Wayne 9 |
|